 Dungeon Crawl Stone Soup version 0.32-a0-43-g058985b245 (webtiles) character file.

Game seed: 714127325852341473

642 seren the Ruffian (level 7, -8/52 HPs)
             Began as a Demonspawn Shapeshifter on Feb 4, 2024.
             Mangled by an orc warrior
             ... wielding a +0 battleaxe
              (18 damage)
             ... on level 4 of the Dungeon.
             The game lasted 00:15:30 (5388 turns).

seren the Ruffian (Demonspawn Shapeshifter)         Turns: 5388, Time: 00:15:31

Health: -8/52      AC:  4    Str: 17    XL:     7   Next: 26%
Magic:  7/7        EV: 12    Int: 10    God:
Gold:   323        SH:  4    Dex: 12    Spells: 6/6 levels left

rFire   . .          .
                       - Unarmed
rCold   . . .        (no shield)
rNeg    . . .        s - +0 leather armour
rPois   +            (helmet currently unavailable)
rElec   .            (cloak currently unavailable)
rCorr   .            o - melded +0 pair of gloves
SInv    .            (boots currently unavailable)
Will    .....        a - amulet of magic regeneration
Stlth   +            i - ring of poison resistance
HPRegen 0.28/turn    (no ring)
MPRegen 0.50/turn

%: no passive effects
@: beast-form
A: beast (slay +2), antennae 1, demonic guardian 2, sharp scales 1, condensation
shield
a: Begin Untransformation


You were on level 4 of the Dungeon.
You were a hulking beast.
You visited 1 branch of the dungeon, and saw 5 of its levels.
You also visited: Sewer.

You collected 323 gold pieces.

Inventory:

Hand Weapons
 n - a +1 dagger of venom
Missiles
 y - 2 throwing nets (quivered) {!f}
Armour
 o - a +0 pair of gloves (melded)
 s - a +0 leather armour (worn)
Jewellery
 a - an amulet of magic regeneration (around neck)
 i - a ring of poison resistance (left hand)
Talismans
 c - a beast talisman (active)
 d - a flux talisman
Scrolls
 e - a scroll of vulnerability
 f - a scroll of enchant armour
 h - a scroll of silence {unknown}
 j - 3 scrolls of enchant weapon
 k - a scroll of fear {unknown}
 l - 2 scrolls of amnesia
 m - a scroll of immolation {unknown}
 p - 3 scrolls of teleportation {!r}
 q - 2 scrolls of noise
 t - 2 scrolls of blinking {!r}
 x - a scroll of torment {unknown}
 A - 2 scrolls of revelation {unknown}
Potions
 b - a potion of magic {unknown}
 g - a potion of lignification
 r - 4 potions of heal wounds
 u - a potion of enlightenment
 v - a potion of might {unknown}
 w - a potion of haste {unknown}
 z - a potion of curing


   Skills:
 + Level 3.5 Fighting
 + Level 3.7 Dodging
 + Level 5.1 Unarmed Combat
 * Level 4.1 Shapeshifting


You had 6 spell levels left.
You didn't know any spells.
Your spell library contained the following spells:

 Spells                   Type           Power      Damage    Failure   Level
 Gell's Gravitas          Tloc           0%         N/A       80%         3
 Teleport Other           Tloc           0%         N/A       80%         3
 Dispersal                Tloc           0%         N/A       100%        6


Dungeon Overview and Level Annotations

Branches:
Dungeon (5/15)              Sewer (visited)
 Temple: D:4-7

Altars:
Vehumet

Shops:
D:2 (

Annotations:
D:5 Dowan, Duvessa


Innate Abilities, Weirdness & Mutations

You are a hulking beast.
Your limbs bulge with bestial killing power. (Slay +2)
You have a pair of small antennae on your head.
A demonic guardian rushes to your aid.
You are partially covered in razor-sharp scales. (AC +1, Slay +1)
A meltable shield of frost defends you. (SH +4)


Message History

p - 3 scrolls of teleportation {!r} (gained 1)
You see here a +0 dagger.
Dowan shouts!
The orc warrior shouts!
Duvessa, Sister of Dowan comes into view.
She is wielding a +0 rapier.
An iguana comes into view.
Dowan casts a spell at you. The puff of frost hits you.
There is a stone staircase leading up here.
The orc shouts!
The orc warrior barely misses you.
You climb upwards.
There is a stone staircase leading down, spattered with blood here.
Okay, then.
You barely miss the orc warrior. The orc warrior misses you.
You barely miss the orc warrior. You block the orc warrior's attack.
You hit the orc warrior but do no damage.
The orc warrior hits you with a +0 battleaxe!!
* * * LOW HITPOINT WARNING * * *
You hit the orc warrior.
The orc warrior is lightly wounded.
The orc warrior hits you with a +0 battleaxe.
* * * LOW HITPOINT WARNING * * *
A demonic guardian appears!
You closely miss the orc warrior.
The orc warrior is lightly wounded.
The orc warrior hits you with a +0 battleaxe!!
* * * LOW HITPOINT WARNING * * *
The orc warrior hits your orange demon with a +0 battleaxe!
Your orange demon stings the orc warrior but does no damage.
Your orange demon hits the orc warrior but does no damage.
Your orange demon stings the orc warrior from afar.
Items here: ))) [[.
The orc warrior misses you.
Your orange demon closely misses the orc warrior.
The orc warrior barely misses you.
Your orange demon stings the orc warrior from afar!
The orc warrior attacks as it pursues you!
The orc warrior hits you with a +0 battleaxe!!
You die...

#.........[# #.#....#
#####.###..### #.#....# #.#
#..#.########.#....# #.#
#...........#.#....# #.#
#..#.######.#.#....# #.#
#..#.# #.#.##'###
####.###..#.######.#.##.#
#................#.#.##.#
#.##.###.4h.............###
#.##.# ##>o................
#.##.# #..................
#.##.# #[###.##...#+##.###
#.##.# #.# #.##........##.
#.##.# #.# #.##........##.
#.##.# #.# #.#.....#######
#.##.# #.###.#.....#......
#.##.####.##..#....##.⌠8...


You could see an orc warrior (ally target) and a friendly orange demon
(summoned).

Vanquished Creatures
  A black bear (D:4)
  A brain worm (Sewer)
  4 orc wizards
  8 gnolls
  8 adders
  A river rat (Sewer)
  3 dart slugs
  6 ribbon worms
  5 orcs
  8 ball pythons
  17 bats
  10 endoplasms
  10 giant cockroaches
  4 goblins
  12 hobgoblins
  7 jackals
  3 kobolds
  8 quokkas
  4 frilled lizards
  8 rats
128 creatures vanquished.

Vanquished Creatures (collateral kills)
  An orc priest (D:4)
  A gnoll (D:4)
  An adder (D:5)
  2 river rats (Sewer)
  A white imp (D:5)
  5 orcs
11 creatures vanquished.

Grand Total: 139 creatures vanquished

Notes
Turn   | Place    | Note
-------+----------+-------------------------------------------
     0 | D:1      | seren the Demonspawn Shapeshifter began the quest for the
                  | Orb.
     0 | D:1      | Reached XP level 1. HP: 15/15 MP: 1/1
   279 | D:1      | Gained mutation: A meltable shield of frost defends you.
                  | (SH +4) [demonic ancestry]
   279 | D:1      | Reached XP level 2. HP: 21/21 MP: 2/2
   466 | D:1      | Reached skill level 3 in Unarmed Combat
   645 | D:1      | Gained mutation: You are partially covered in razor-sharp
                  | scales. (AC +1, Slay +1) [demonic ancestry]
   645 | D:1      | Reached XP level 3. HP: 26/26 MP: 3/3
  1026 | D:2      | Found Mykoila's Antique Weapon Shop.
  1111 | D:2      | Found a faded altar of an unknown god.
  1310 | D:2      | Gained mutation: You have a pair of small antennae on your
                  | head. [demonic ancestry]
  1310 | D:2      | Reached XP level 4. HP: 33/33 MP: 4/4
  1738 | D:3      | Found a glowing drain.
  1755 | Sewer    | Entered a sewer
  1920 | Sewer    | Noticed a brain worm
  1926 | Sewer    | Killed a brain worm
  1927 | Sewer    | Gained mutation: A weak demonic guardian rushes to your
                  | aid. [demonic ancestry]
  1927 | Sewer    | Reached XP level 5. HP: 31/39 MP: 3/5
  2205 | Sewer    | Reached skill level 4 in Unarmed Combat
  2906 | D:3      | Reached XP level 6. HP: 46/46 MP: 6/6
  4487 | D:3      | Gained mutation: A demonic guardian rushes to your aid.
                  | [demonic ancestry]
  4487 | D:3      | Reached XP level 7. HP: 48/52 MP: 7/7
  4658 | D:4      | Reached skill level 5 in Unarmed Combat
  4873 | D:5      | Entered Level 5 of the Dungeon
  4935 | D:5      | Found a radiant altar of Vehumet.
  5194 | D:5      | Noticed Dowan
  5357 | D:5      | Noticed Duvessa
  5388 | D:4      | Mangled by an orc warrior

Illustrated notes

Levels and vault maps discovered:
D:1:      psy_arrival_whirlpool, layout_basic
D:2:      minmay_diamond_boxcup, layout_rooms, ebering_ecumenical_altar_mist,
          serial_shops, shop, minmay_fractal_squares_gapless_5
D:3:      layout_loops_ring, cheibrodos_sewer_entry_drain
D:4:      layout_basic, chequers_decorated_corner
D:5:      layout_rooms, fiery_altar_vehumet, nicolae_overflow_crystal_walls,
          uniq_duvessa

Skill      XL: |  1  2  3  4  5  6  7 |
---------------+----------------------+-----
Dodging        | 2 3 |  3.7
Unarmed Combat | 3 4 5 |  5.1
Shapeshifting  | 3 4 |  4.1
Fighting       | 2 3 |  3.5

Action                     |  1- 3 |  4- 6 |  7- 9 || total
---------------------------+-------+-------+-------++-------
  Melee: Unarmed           |   117 |   273 |    46 ||   436
         Punch             |     3 |     7 |     1 ||    11
Ability: Begin Untransform |       |       |     1 ||     1
    Use: Scroll            |       |     7 |     2 ||     9
         Potion            |       |     5 |       ||     5
   Stab: Sleeping          |       |     2 |       ||     2
 Armour: Animal skin       |    33 |       |       ||    33
         Leather armour    |     6 |   175 |    33 ||   214
         Skin              |       |     8 |       ||     8
  Dodge: Dodged            |    62 |   179 |    27 ||   268
  Block: Other             |     7 |    45 |     7 ||    59
   Form: Beast             |       |       |     2 ||     2
         Flux              |       |       |     1 ||     1

Table legend: (Time is in decaauts)
 A = Elapsed time spent in this place.
 B = Non-inter-level travel time spent in this place.
 C = Inter-level travel time spent in this place.
 D = Time resting spent in this place.
 E = Time spent auto-exploring this place.
 F = Levels seen in this place.
 G = Mean time per level.
                   A        B        C        D        E       F      G
               +--------+--------+--------+--------+--------+-----+--------+
         Total |   5571 |   5136 |    435 |    794 |   2545 |   6 |  928.5 |
       Dungeon |   4382 |   3947 |    435 |    546 |   2111 |   5 |  876.4 |
         Sewer |   1188 |   1188 |      0 |    248 |    433 |   1 | 1188.0 |
               +--------+--------+--------+--------+--------+-----+--------+

Top non-repeatable levels by time:
     D:4: 1390 daAuts
   Sewer: 1188 daAuts
     D:3: 1042 daAuts
     D:1: 1030 daAuts
     D:2: 677 daAuts
     D:5: 241 daAuts
